AoeStats
← EL MAGICO

Arabia

510356496Analyzed
1v1 RM · 2d ago on Sep 30, 2026· 32m 40s· 2 players
Game mode
Random Map
Map size
Tiny (2 player)
Population
200
Speed
Normal
Resources
Standard
Victory
Conquest
Starting age
Dark Age
Ending age
Imperial Age
RankedLock teamsTeams togetherTeam positionsShared explorationLock speedFull tech treeHidden civsTurbo modeCheats
Victory
Defeat
🇺🇸 Portuguese · United States
893
+17
🇦🇷 Byzantines · Argentina
919
-17
SpacyBabushka
11:25 Feudal Age
14:36 Double-Bit Axe
14:37 Loom
15:33 Horse Collar
20:07 Castle Age
20:01 Wheelbarrow
19:38 Gold Mining
20:43 Scale Barding Armor
22:01 Bloodlines
21:53 Husbandry
25:42 Chain Barding Armor
28:29 Thumb Ring
EL MAGICO
7:29 Loom
10:57 Feudal Age
15:26 Double-Bit Axe
15:52 Horse Collar
16:07 Gold Mining
18:46 Wheelbarrow
20:15 Castle Age
18:21 Padded Archer Armor
19:38 Scale Mail Armor
21:13 Forging
20:55 Fletching
22:22 Bow Saw
22:59 Heavy Plow
22:30 Pikeman
23:30 Leather Archer Armor
22:50 Elite Skirmisher
25:57 Bodkin Arrow
26:19 Chain Mail Armor
26:40 Iron Casting
Connection lost

Rejoining the realm…

Still unreachable

The connection could not be restored.

Session expired

The server has moved on; the page needs a fresh start.